EL
MONTGOMERY BISCUITS @ PORTLAND SEA DOGS
07/16/2048
 
TOP OF THE 1ST
Montgomery Biscuits batting - Pitching for Portland Sea Dogs : LHP Nick Barnes
Pitching: LHP Nick Barnes
Batting: RHB Chris Thorson 0-0: Ball
1-0: Ball
2-0: Foul Ball, location: 2F
2-1: Swinging Strike
2-2: Foul Ball, location: 2F
2-2: Foul Ball, location: 2F
2-2: Strikes out swinging
Batting: RHB Roberto Aispuro 0-0: Called Strike
0-1: Ground out 1-3 (Groundball, 15S, EV 73.1 MPH)
Batting: LHB Darryl Gonnella 0-0: Called Strike
0-1: Foul Ball, location: 2F
0-2: Strikes out swinging
Top of the 1st over - 0 runs, 0 hits, 0 errors, 0 left on base; Montgomery 0 - Portland 0
BOTTOM OF THE 1ST
Portland Sea Dogs batting - Pitching for Montgomery Biscuits : RHP David Breaux
Pitching: RHP David Breaux
Batting: LHB Dave Reyes 0-0: Bunt missed!
0-1: Foul Ball, location: 2F
0-2: Ball
1-2: Ball
2-2: Ball
3-2: Foul Ball, location: 2F
3-2: Base on Balls
Batting: LHB Sergio Tinoco 0-0: Called Strike
0-1: Ball
1-1: SINGLE (Line Drive, 78S, EV 88.8 MPH)
Dave Reyes to second
Batting: RHB Dave Burwell 0-0: Fly out, F8 (Flyball, 8RD, EV 104.4 MPH)
Runner from 2nd tags up, SAFE at 3rd with throw by CF
Batting: LHB David Moore 0-0: SINGLE (Line Drive, 8LS, EV 100.6 MPH)
Dave Reyes scores
Sergio Tinoco to second
Batting: RHB Travis Campbell 0-0: Called Strike
0-1: Foul Ball, location: 2F
0-2: Ball
1-2: SINGLE (Line Drive, 9S, EV 98.1 MPH)
Sergio Tinoco to third
David Moore to second
Batting: RHB Alex Melendez 0-0: Ball
1-0: Ball
2-0: Ball
3-0: Base on Balls
Sergio Tinoco scores
David Moore to third
Travis Campbell to second
Batting: RHB Mike Batko 0-0: Ball
1-0: Fly out, F7 (Flyball, 7D, EV 85.0 MPH)
Runner from 3rd tags up, SCORES, throw by LF
Batting: RHB Zi-jing Wang 0-0: Ball
1-0: Called Strike
1-1: Ground out U3 (Groundball, 34S, EV 88.8 MPH)
Bottom of the 1st over - 3 runs, 3 hits, 0 errors, 2 left on base; Montgomery 0 - Portland 3
TOP OF THE 2ND
Montgomery Biscuits batting - Pitching for Portland Sea Dogs : LHP Nick Barnes
Batting: LHB Eric Toney 0-0: Ball
1-0: Fly out, F8 (Flyball, 78M, EV 83.1 MPH)
Batting: RHB James Huddleston 0-0: Ball
1-0: Called Strike
1-1: Ball
2-1: Swinging Strike
2-2: Strikes out swinging
Batting: LHB Danny Hull 0-0: Fly out, F7 (Flyball, 7D, EV 93.8 MPH)
Top of the 2nd over - 0 runs, 0 hits, 0 errors, 0 left on base; Montgomery 0 - Portland 3
BOTTOM OF THE 2ND
Portland Sea Dogs batting - Pitching for Montgomery Biscuits : RHP David Breaux
Batting: RHB Frank Sokolosky 0-0: Ground out 6-3 (Groundball, P, EV 93.8 MPH)
Batting: LHB Dave Reyes 0-0: Ball
1-0: Ball
2-0: Foul Ball, location: 2F
2-1: Foul Ball, location: 2F
2-2: Foul Ball, location: 2F
2-2: Strikes out swinging
Batting: LHB Sergio Tinoco 0-0: Ground out U3 (Groundball, 3L, EV 89.4 MPH)
Bottom of the 2nd over - 0 runs, 0 hits, 0 errors, 0 left on base; Montgomery 0 - Portland 3
TOP OF THE 3RD
Montgomery Biscuits batting - Pitching for Portland Sea Dogs : LHP Nick Barnes
Batting: RHB Freddy Mullen 0-0: Foul Ball, location: 2F
0-1: Foul Ball, location: 2F
0-2: Foul Ball, location: 2F
0-2: Ball
1-2: Ball
2-2: Ground out 4-3 (Groundball, 34D, EV 106.9 MPH)
Batting: RHB John Downing 0-0: Ground out 4-3 (Groundball, 4, EV 92.5 MPH)
Batting: SHB Julio Hernandez 0-0: Ground out 6-3 (Groundball, 6S, EV 66.9 MPH)
Top of the 3rd over - 0 runs, 0 hits, 0 errors, 0 left on base; Montgomery 0 - Portland 3
BOTTOM OF THE 3RD
Portland Sea Dogs batting - Pitching for Montgomery Biscuits : RHP David Breaux
Batting: RHB Dave Burwell 0-0: Ball
1-0: Ball
2-0: Ground out 5-3 (Groundball, 56, EV 101.2 MPH)
Batting: LHB David Moore 0-0: Foul Ball, location: 2F
0-1: Ball
1-1: Foul Ball, location: 2F
1-2: Ball
2-2: Strikes out swinging
Batting: RHB Travis Campbell 0-0: Foul Ball, location: 2F
0-1: Ball
1-1: Foul Ball, location: 2F
1-2: Fly out, F9 (Flyball, 9D, EV 86.2 MPH)
Bottom of the 3rd over - 0 runs, 0 hits, 0 errors, 0 left on base; Montgomery 0 - Portland 3
TOP OF THE 4TH
Montgomery Biscuits batting - Pitching for Portland Sea Dogs : LHP Nick Barnes
Batting: RHB Chris Thorson 0-0: Ball
1-0: Ball
2-0: Ball
3-0: Called Strike
3-1: Foul Ball, location: 2F
3-2: Foul Ball, location: 2F
3-2: Fly out, F5 (Popup, 56S, EV 84.4 MPH)
Batting: RHB Roberto Aispuro 0-0: Foul Ball, location: 2F
0-1: Ground out 5-3 (Groundball, 15, EV 78.8 MPH)
Batting: LHB Darryl Gonnella 0-0: Ball
1-0: Ball
2-0: Fly out, F9 (Line Drive, 9, EV 89.4 MPH)
Top of the 4th over - 0 runs, 0 hits, 0 errors, 0 left on base; Montgomery 0 - Portland 3
BOTTOM OF THE 4TH
Portland Sea Dogs batting - Pitching for Montgomery Biscuits : RHP David Breaux
Batting: RHB Alex Melendez 0-0: Ground out 3-1 (Groundball, 34, EV 93.1 MPH)
Batting: RHB Mike Batko 0-0: Swinging Strike
0-1: Ball
1-1: Ball
2-1: Ball
3-1: SINGLE (Groundball, 56D, EV 108.1 MPH)
Batting: RHB Zi-jing Wang 0-0: Foul Ball, location: 2F
0-1: Grounds into double play, 4-6-3 (Groundball, 4, EV 78.8 MPH)
Bottom of the 4th over - 0 runs, 1 hit, 0 errors, 0 left on base; Montgomery 0 - Portland 3
TOP OF THE 5TH
Montgomery Biscuits batting - Pitching for Portland Sea Dogs : LHP Nick Barnes
Batting: LHB Eric Toney 0-0: Ball
1-0: Called Strike
1-1: Ground out U3 (Groundball, 3, EV 100.0 MPH)
Batting: RHB James Huddleston 0-0: Ball
1-0: Called Strike
1-1: Fly out, F7 (Flyball, 7LSF, EV 75.0 MPH)
Batting: LHB Danny Hull 0-0: Ball
1-0: Ground out 1-3 (Groundball, 13, EV 70.6 MPH)
Top of the 5th over - 0 runs, 0 hits, 0 errors, 0 left on base; Montgomery 0 - Portland 3
BOTTOM OF THE 5TH
Portland Sea Dogs batting - Pitching for Montgomery Biscuits : RHP David Breaux
Batting: RHB Frank Sokolosky 0-0: Called Strike
0-1: Fly out, F7 (Line Drive, 7LM, EV 98.1 MPH)
Batting: LHB Dave Reyes 0-0: Foul Ball, location: 2F
0-1: Fly out, F3 (Line Drive, 3, EV 68.8 MPH)
Batting: LHB Sergio Tinoco 0-0: Called Strike
0-1: Swinging Strike
0-2: Foul Ball, location: 2F
0-2: Strikes out swinging
Bottom of the 5th over - 0 runs, 0 hits, 0 errors, 0 left on base; Montgomery 0 - Portland 3
TOP OF THE 6TH
Montgomery Biscuits batting - Pitching for Portland Sea Dogs : LHP Nick Barnes
Batting: RHB Freddy Mullen 0-0: Ball
1-0: Called Strike
1-1: Swinging Strike
1-2: Foul Ball, location: 2F
1-2: Ball
2-2: Strikes out swinging
Batting: RHB John Downing 0-0: Called Strike
0-1: Swinging Strike
0-2: Ball
1-2: Foul Ball, location: 2F
1-2: Ball
2-2: Ball
3-2: Strikes out swinging
Batting: SHB Julio Hernandez 0-0: Ball
1-0: Ball
2-0: Ground out 4-3 (Groundball, 4, EV 110.6 MPH)
Top of the 6th over - 0 runs, 0 hits, 0 errors, 0 left on base; Montgomery 0 - Portland 3
BOTTOM OF THE 6TH
Portland Sea Dogs batting - Pitching for Montgomery Biscuits : RHP David Breaux
Batting: RHB Dave Burwell 0-0: Ground out 5-3 (Groundball, 56S, EV 88.1 MPH)
Batting: LHB David Moore 0-0: Called Strike
0-1: Ball
1-1: Ground out 5-3 (Groundball, 5, EV 76.2 MPH)
Batting: RHB Travis Campbell 0-0: Swinging Strike
0-1: Ball
1-1: Ball
2-1: Swinging Strike
2-2: Ground out 3-1 (Groundball, 13, EV 83.1 MPH)
Bottom of the 6th over - 0 runs, 0 hits, 0 errors, 0 left on base; Montgomery 0 - Portland 3
TOP OF THE 7TH
Montgomery Biscuits batting - Pitching for Portland Sea Dogs : LHP Nick Barnes
Batting: RHB Chris Thorson 0-0: SOLO HOME RUN (Flyball, 7LD, EV 96.9 MPH), Distance : 362 ft
Batting: RHB Roberto Aispuro 0-0: Swinging Strike
0-1: Foul Ball, location: 2F
0-2: Foul Ball, location: 2F
0-2: Ground out 5-3 (Groundball, 5, EV 83.1 MPH)
Batting: LHB Darryl Gonnella 0-0: Ball
1-0: SINGLE (Groundball, 6MD, EV 95.0 MPH)
Batting: LHB Eric Toney 0-0: Called Strike
Darryl Gonnella steals 2nd base
0-1: Called Strike
Darryl Gonnella steals 3rd base
0-2: Fly out, F7 (Flyball, 7, EV 90.0 MPH)
Runner from 3rd tags up, SCORES, no throw by LF
Batting: RHB James Huddleston 0-0: Called Strike
0-1: Foul Ball, location: 2F
0-2: Ground out 6-3 (Groundball, 6, EV 103.8 MPH)
Top of the 7th over - 2 runs, 2 hits, 0 errors, 0 left on base; Montgomery 2 - Portland 3
BOTTOM OF THE 7TH
Portland Sea Dogs batting - Pitching for Montgomery Biscuits : RHP David Breaux
Batting: RHB Alex Melendez 0-0: Ground out 5-3 (Groundball, 56, EV 81.9 MPH)
Batting: RHB Mike Batko 0-0: Foul Ball, location: 2F
0-1: Foul Ball, location: 2F
0-2: Strikes out swinging
Batting: RHB Zi-jing Wang 0-0: Called Strike
0-1: Ball
1-1: DOUBLE (Line Drive, 89D, EV 105.6 MPH)
Batting: RHB Frank Sokolosky 0-0: Ball
Wild Pitch!
Zi-jing Wang to third
1-0: Reached on error, E6 (Groundball, 56, EV 82.5 MPH)
Zi-jing Wang scores
Batting: LHB Dave Reyes 0-0: Ball
1-0: Ground out 5-3 (Groundball, 56S, EV 86.2 MPH)
Bottom of the 7th over - 1 run, 1 hit, 1 error, 1 left on base; Montgomery 2 - Portland 4
TOP OF THE 8TH
Montgomery Biscuits batting - Pitching for Portland Sea Dogs : LHP Nick Barnes
Batting: LHB Danny Hull 0-0: Ground out 6-3 (Groundball, 6M, EV 105.6 MPH)
Batting: RHB Freddy Mullen 0-0: Ball
1-0: Called Strike
1-1: Foul Ball, location: 2F
1-2: Ball
2-2: Ball
3-2: Foul Ball, location: 2F
3-2: Strikes out swinging
Batting: RHB John Downing 0-0: Called Strike
0-1: Fly out, F9 (Flyball, 9, EV 86.2 MPH)
Top of the 8th over - 0 runs, 0 hits, 0 errors, 0 left on base; Montgomery 2 - Portland 4
BOTTOM OF THE 8TH
Portland Sea Dogs batting - Pitching for Montgomery Biscuits : RHP David Breaux
Batting: LHB Sergio Tinoco 0-0: Ball
1-0: Ground out U3 (Groundball, 34S, EV 90.0 MPH)
Batting: RHB Dave Burwell 0-0: Ground out 3-1 (Groundball, 13, EV 85.0 MPH)
Batting: LHB David Moore 0-0: Foul Ball, location: 2F
0-1: Foul Ball, location: 2F
0-2: Strikes out swinging
Bottom of the 8th over - 0 runs, 0 hits, 0 errors, 0 left on base; Montgomery 2 - Portland 4
TOP OF THE 9TH
Montgomery Biscuits batting - Pitching for Portland Sea Dogs : LHP Nick Barnes
Pitching: RHP Aaron Brannon
Batting: SHB Julio Hernandez 0-0: Ball
1-0: Foul Ball, location: 2F
1-1: Foul Ball, location: 2F
1-2: Ground out 1-3 (Groundball, 13, EV 62.5 MPH)
Batting: RHB Chris Thorson 0-0: Foul Ball, location: 2F
0-1: Called Strike
0-2: Strikes out swinging
Batting: RHB Roberto Aispuro 0-0: Ball
1-0: Called Strike
1-1: Ball
2-1: Ground out 4-3 (Groundball, 4, EV 101.9 MPH)
Top of the 9th over - 0 runs, 0 hits, 0 errors, 0 left on base; Montgomery 2 - Portland 4
Tuesday, March 28th , 2023 - OOTP Baseball 23.10 Build 110